 Dungeon Crawl Stone Soup version 0.18-a0-1805-g8ab820f (webtiles) character file.

95 Slimper123 the Sneak (level 4, 0/23 HPs)
             Began as a Spriggan Assassin on Apr 25, 2016.
             Slain by a gnoll
             ... wielding a +0 spear
              (2 damage)
             ... on level 3 of the Dungeon.
             The game lasted 00:10:46 (1590 turns).

Slimper123 the Sneak (Spriggan Assassin)            Turns: 1590, Time: 00:10:47

Health: 0/23       AC:  2    Str:  7    XL:     4   Next: 39%
Magic:  5/5        EV: 19    Int: 12    God:
Gold:   80         SH:  0    Dex: 18    Spells: 0 memorised, 3 levels left

rFire  . . .     SeeInvis +     a - +2 dagger
rCold  . . .     Gourm    .     c - +0 robe
rNeg   . . .     Faith    .     (shield restricted)
rPois  .         Spirit   .     (helmet restricted)
rElec  .         Dismiss  .     (no cloak)
rCorr  .         Reflect  .     (gloves unavailable)
SustAt .         Harm     .     (boots unavailable)
MR     .....                    (no amulet)
Stlth  ++++......               (no ring)
                                (no ring)

@: very quick, not resistant to hostile enchantments, stealthy
A: unfitting armour, see invisible, herbivore 3, speed 3, slow metabolism 2
a: no special abilities


You were on level 3 of the Dungeon.
You were not hungry.

You visited 1 branch of the dungeon, and saw 3 of its levels.

You collected 80 gold pieces.

Inventory:

Hand Weapons
 a - a +2 dagger (weapon)
 b - a +0 blowgun
 k - a +0 dagger
 o - a +0 short sword
 s - a +0 shortbow
 u - a +2 flail of draining
 v - a +0 blowgun
Missiles
 e - 23 poisoned needles
 f - 2 curare-tipped needles
 h - 26 sling bullets
 j - 64 stones (quivered)
Armour
 c - a +0 robe (worn)
 d - a +0 cloak
 m - a +0 ring mail
 n - a +0 cloak
 p - a +0 pair of boots
Scrolls
 i - a scroll of magic mapping
 t - a scroll of identify
Potions
 l - 3 potions of curing {unknown}
 w - a potion of cure mutation {unknown}
 x - a potion of haste {unknown}
Comestibles
 g - 2 bread rations
 q - a beef jerky
 r - 3 fruits


   Skills:
 + Level 2.2 Fighting
 + Level 3.0 Short Blades
 - Level 2.0 Throwing
 + Level 3.6 Dodging
 + Level 6.8 Stealth


You had 3 spell levels left.
You didn't know any spells.

Dungeon Overview and Level Annotations

Branches:
Dungeon (3/15)

Altars:


Innate Abilities, Weirdness & Mutations

You are tiny and cannot use many weapons and most armour.
You have supernaturally acute eyesight.
You are a herbivore.
You cover ground extremely quickly.
You need consume almost no food.


Message History

The gnoll is moderately wounded.
The ball python misses you. x2; The kobold closely misses you.
The gnoll barely misses you. The gnoll completely misses you.
The gnoll barely misses you. The gnoll completely misses you.
You hit the gnoll.
The gnoll is moderately wounded.
The ball python closely misses you. x2; The kobold hits you with a dagger.
The gnoll completely misses you. The gnoll closely misses you.
The gnoll hits you with a spear!
You hit the gnoll.
The gnoll is heavily wounded.
The ball python bites you but does no damage.
The ball python grabs you. The ball python constricts you.
The gnoll hits you with a club.
* * * LOW HITPOINT WARNING * * *
The kobold misses you. The gnoll closely misses you.
The gnoll hits you with a whip.
* * * LOW HITPOINT WARNING * * *
You escape the ball python's grasp.
The gnoll hits you with a spear.
You die...

###########
#..$†.....#
#.......^.#
#......@..#
#....g.g..#
.......KgS..#
###......g..#
...........#
.##.......(.#
#.........#
#.........#
###########


You could see 4 gnolls, a ball python and a kobold.

Vanquished Creatures
  3 adders (D:2)
  3 oozes
  A dart slug (D:1)
  A giant gecko (D:2)
  7 orcs (D:3)
  9 bats
  5 giant cockroaches
  4 hobgoblins (D:1)
  4 kobolds
  3 quokkas (D:2)
  3 giant newts
  A goblin (D:3)
  3 rats
47 creatures vanquished.

Notes
Turn   | Place    | Note
--------------------------------------------------------------
     0 | D:1      | Slimper123 the Spriggan Assassin began the quest for the Orb.
     0 | D:1      | Reached XP level 1. HP: 10/10 MP: 2/2
    54 | D:1      | Reached skill level 6 in Stealth
   225 | D:1      | Reached XP level 2. HP: 9/14 MP: 3/3
   695 | D:2      | Reached XP level 3. HP: 18/18 MP: 4/4
  1103 | D:2      | Reached XP level 4. HP: 20/23 MP: 5/5
  1590 | D:3      | Slain by a gnoll

Vault maps used:
D:1:      elethiomel_arrival_quiet
D:2:      first_bread, st_stairs_2, uniq_crazy_yiuf_cottage
D:3:      amethyst_killhole

Skill      XL: |  1  2  3  4 |
---------------+-------------+-----
Dodging        | 2 3 |  3.6
Stealth        | 6 |  6.8
Fighting       | 2 |  2.2
Short Blades   | 3 |  3.0
Throwing       | |  2.0

Action                   |  1- 3 |  4- 6 || total
-------------------------+-------+-------++-------
Melee: Dagger            |    98 |    75 ||   173
  Use: Scroll            |     3 |     3 ||     6
 Stab: Sleeping          |    14 |     3 ||    17
       Distracted        |       |     1 ||     1
Armor: Robe              |     7 |     7 ||    14
Dodge: Dodged            |    69 |    72 ||   141
